 Dungeon Crawl Stone Soup version 0.30-a0-824-g6c64550be9 (webtiles) character file.

Game seed: 6637135669696802231

389 bande the Trooper (level 6, -9/39 HPs)
             Began as a Gargoyle Fighter on Feb 28, 2023.
             Mangled by an ogre
             ... wielding a +0 giant club
              (32 damage)
             ... on level 4 of the Dungeon.
             The game lasted 00:04:47 (2352 turns).

bande the Trooper (Gargoyle Fighter)                Turns: 2352, Time: 00:04:48

Health: -9/39      AC:  7    Str: 20    XL:     6   Next: 79%
Magic:  6/6        EV:  9    Int:  8    God:
Gold:   259        SH:  5    Dex: 11    Spells: 5/5 levels left

rFire   . . .      SeeInvis .    a - +0 war axe
rCold   + . .      Faith    .    c - +0 buckler
rNeg    + . .      Spirit   .    b - +0 scale mail
rPois   ∞          Reflect  .    (no helmet)
rElec   +          Harm     .    (no cloak)
rCorr   .          Rampage  .    (no gloves)
Will    .....                    (no boots) Stlth
                                 m - amulet of regeneration
HPRegen 1.06/turn                o - ring of protection from cold
MPRegen 0.10/turn                (no ring)

@: corroded
A: sickness immunity, AC +4, negative energy resistance 1, electricity
resistance, torment resistance 1, petrification resistance
a: no special abilities


You were on level 4 of the Dungeon.
You visited 2 branches of the dungeon, and saw 5 of its levels.

You collected 259 gold pieces.

Inventory:

Hand Weapons
 a - a +0 war axe (weapon)
 h - a +3 mace
Armour
 b - a +0 scale mail (worn)
 c - a +0 buckler (worn)
Jewellery
 e - an amulet of reflection
 i - a +6 ring of intelligence
 m - an amulet of regeneration (around neck)
 o - a ring of protection from cold (left hand)
 r - an amulet of the acrobat
Wands
 q - a wand of flame (18)
Scrolls
 g - 3 scrolls of identify {unknown}
 k - a scroll of enchant armour {unknown}
 p - a scroll of blinking {unknown}
 s - a scroll of torment {unknown}
 v - a scroll of enchant weapon {unknown}
Potions
 d - 4 potions of might
 f - a potion of mutation {unknown}
 j - 5 potions of curing {unknown}
 l - 2 potions of degeneration {unknown}
 n - a potion of ambrosia {unknown}
 t - a potion of cancellation {unknown}
 u - a potion of heal wounds {unknown}
 w - 2 potions of brilliance {unknown}


   Skills:
 + Level 4.5 Fighting
 + Level 4.2 Axes
 + Level 4.3 Armour
 + Level 4.5 Shields
 * Level 1.3 Evocations


You had 5 spell levels left.
You didn't know any spells.
Your spell library was empty.

Dungeon Overview and Level Annotations

Branches:
Dungeon (4/15)             Temple (1/1) D:4

Altars:
Dithmenos
Fedhas
Hepliaklqana
Nemelex Xobeh
Qazlal
Ru
Vehumet
Wu Jian


Innate Abilities, Weirdness & Mutations

You are immune to sickness and miasma.
Your stone body is resilient. (AC +4)
You are immune to poison.
You resist negative energy. (rN+)
You are resistant to electric shocks. (rElec)
You are resistant to unholy torment.
You are immune to petrification.


Message History

The phantom closely misses you.
You barely miss the phantom.
The phantom is almost destroyed.
You block the phantom's attack.
You closely miss the phantom.
The phantom is almost destroyed.
The phantom hits you but does no damage.
The phantom barely misses you.
You closely miss the phantom.
The phantom is almost destroyed.
The phantom hits you.
The phantom blinks!
You blink.
You slash the phantom!
You destroy the phantom!
No reachable target in view!
No reachable target in view!
No reachable target in view!
No reachable target in view!
No reachable target in view!
No reachable target in view!
No reachable target in view!
No reachable target in view!
No reachable target in view!
No reachable target in view!
A jelly is nearby!
You see here a dart slug corpse.
An ogre comes into view. It is wielding a +0 giant club.
No target in view!
You hit the jelly.
Your hands burn!
The jelly is moderately wounded.
The jelly hits you but does no damage. The jelly barely misses you.
You hit the jelly but do no damage.
Your hands burn!
The jelly is moderately wounded.
You barely miss the ogre. You block the ogre's attack. The jelly hits you.
The acid corrodes you!
You are splashed with acid!
You hit the jelly.
Your hands burn!
The jelly is moderately wounded.
You hit the ogre. The jelly completely misses you.
The ogre hits you with a +0 giant club!!
Ouch! That really hurt!
You die...

#.###..........###.# .#
#.# #........###...##.#..
#.##.....(.#........#.....
..###.##.....##..>..##...#
..# ###..#)...#..†.....#
..## ##.#.#..##...###....
...# ........#.###......
<..# .........#.#...##
.#.# ..........@J....#
##.# ..#..##.#.#O......
.#.# # #. ....#... .#.#.
##...#####. .#.#.# #.#
.#.#.# ## .#.#.##.
)..#.... )..#....


You could see an ogre and a jelly.

Vanquished Creatures
  A phantom (D:4)
  A scorpion (D:4)
  A hound (D:2)
  An orc priest (D:4)
  Jessica (D:2)
  2 orc wizards
  3 adders
  2 worms (D:2)
  A dart slug (D:4)
  8 orcs
  5 ball pythons
  6 bats
  9 endoplasms
  2 giant cockroaches (D:3)
  4 hobgoblins
  5 jackals
  5 kobolds
  3 quokkas
  A frilled lizard (D:3)
  8 goblins
  6 rats
75 creatures vanquished.

Notes
Turn   | Place    | Note
-------+----------+-------------------------------------------
     0 | D:1      | bande the Gargoyle Fighter began the quest for the Orb.
     0 | D:1      | Reached XP level 1. HP: 14/14 MP: 1/1
    80 | D:1      | Reached XP level 2. HP: 19/19 MP: 2/2
   500 | D:1      | Found a faded altar of an unknown god.
   557 | D:1      | Reached XP level 3. HP: 24/24 MP: 3/3
   659 | D:2      | Reached XP level 4. HP: 18/29 MP: 4/4
   851 | D:2      | Noticed Jessica
   856 | D:2      | Killed Jessica
  1120 | D:2      | Reached XP level 5. HP: 33/33 MP: 5/5
  1617 | D:3      | Found a hazy altar of Hepliaklqana.
  2191 | D:4      | Reached XP level 6. HP: 32/39 MP: 6/6
  2195 | D:4      | Reached skill level 1 in Evocations
  2254 | D:4      | Found a staircase to the Ecumenical Temple.
  2263 | Temple   | Entered the Ecumenical Temple
  2352 | D:4      | Mangled by an ogre

Illustrated notes

Levels and vault maps discovered:
D:1:      minmay_arrival_radiant_lines, layout_basic,
          shapermc_ecumenical_altar_petra, dreamdust_wishing_well
D:2:      layout_loops_ring, nicolae_figureground_pulse, uniq_jessica
D:3:      layout_basic, mainiacjoe_overflow_24_doors
D:4:      layout_cave_pools, mainiacjoe_overflow_brackets,
          mainiacjoe_overflow_boulevard, tgw_kikubaaqudgha,
          minmay_temple_entry_slanted, serial_co_window_serial,
          co_window_paths_b, co_window_paths_b, co_window_cross_1,
          co_window_corner_a, co_window_corner_a, co_window_of_opportunity_b,
          co_window_unsneaky_path_e, co_window_corner_b, co_window_broadway_b,
          co_window_corner_b, co_window_sun, glass_columns_b, glass_columns_a,
          glass_columns_a, nicolae_stop_n_shop_2
Temple:   nicolae_temple_ecumenical_triangle

Skill      XL: |  1  2  3  4  5  6 |
---------------+-------------------+-----
Axes           | 2 3 4 |  4.2
Shields        | 4 |  4.5
Fighting       | 4 |  4.5
Armour         | 4 |  4.3
Evocations     | 1 |  1.3

Action                     |  1- 3 |  4- 6 || total
---------------------------+-------+-------++-------
  Melee: War axe           |    65 |   214 ||   279
 Armour: Scale mail        |    28 |   134 ||   162
  Dodge: Dodged            |    24 |    95 ||   119
  Block: Buckler           |    39 |    68 ||   107

Table legend: (Time is in decaauts)
 A = Elapsed time spent in this place.
 B = Non-inter-level travel time spent in this place.
 C = Inter-level travel time spent in this place.
 D = Time resting spent in this place.
 E = Time spent auto-exploring this place.
 F = Levels seen in this place.
 G = Mean time per level.
                   A        B        C        D        E       F      G
               +--------+--------+--------+--------+--------+-----+--------+
         Total |   2460 |   2424 |     36 |      0 |   1712 |   5 |  492.0 |
       Dungeon |   2403 |   2367 |     36 |      0 |   1680 |   4 |  600.8 |
        Temple |     56 |     56 |      0 |      0 |     32 |   1 |   56.0 |
               +--------+--------+--------+--------+--------+-----+--------+

Top non-repeatable levels by time:
     D:2: 936 daAuts
     D:1: 680 daAuts
     D:3: 585 daAuts
     D:4: 201 daAuts
  Temple: 56 daAuts
